 Dungeon Crawl Stone Soup version 0.28-a0-1159-g27aa881441 (webtiles) character file.

Game seed: 18371844671271558531

106 ducksouse the Skirmisher (level 4, -3/41 HPs)
             Began as a Minotaur Fighter on Dec 15, 2021.
             Succumbed to an orc wizard's poison
             ... on level 3 of the Dungeon.
             The game lasted 00:03:50 (1978 turns).

ducksouse the Skirmisher (Minotaur Fighter)         Turns: 1978, Time: 00:03:50

Health: -3/41      AC: 13    Str: 20    XL:     4   Next: 55%
Magic:  3/3        EV:  7    Int:  5    God:
Gold:   90         SH:  5    Dex: 12    Spells: 3/3 levels left

rFire   . . .      SeeInvis .   a - +0 long sword
rCold   . . .      Faith    .   c - +0 buckler
rNeg    . . .      Spirit   .   k - +0 chain mail
rPois   .          Reflect  .   (helmet restricted)
rElec   .          Harm     .   (no cloak)
rCorr   .          Rampage  .   (no gloves)
Will    .....                   (no boots)
Stlth   ..........              (no amulet)
HPRegen 0.13/turn               l - +4 ring of protection
MPRegen 0.08/turn               (no ring)

@: lethally poisoned (-3 -> -34)
A: horns 2, retaliatory headbutt
a: no special abilities


You were on level 3 of the Dungeon.
You visited 1 branch of the dungeon, and saw 4 of its levels.

You collected 90 gold pieces.

Inventory:

Hand Weapons
 a - a +0 long sword (weapon)
Armour
 b - a +0 scale mail
 c - a +0 buckler (worn)
 k - a +0 chain mail (worn)
Jewellery
 l - a +4 ring of protection (left hand)
Scrolls
 f - 2 scrolls of fear {unknown}
 g - a scroll of identify {unknown}
 h - 2 scrolls of blinking {unknown}
 i - a scroll of silence {unknown}
Potions
 d - a potion of might
 e - a potion of attraction {unknown}
 j - a potion of degeneration {unknown}


   Skills:
 + Level 4.4 Fighting
 + Level 3.4 Long Blades
 + Level 4.4 Armour
 + Level 0.6 Dodging
 + Level 0.3 Stealth
 + Level 4.4 Shields


You had 3 spell levels left.
You didn't know any spells.
Your spell library was empty.

Dungeon Overview and Level Annotations

Branches:
Dungeon (4/15)
 Temple: D:4-7

Altars:
Makhleb

Shops:
D:4 =


Innate Abilities, Weirdness & Mutations

You have a pair of horns on your head.
You reflexively headbutt those who attack you in melee.


Message History

You headbutt the quokka, but do no damage.
The quokka barely misses you. The quokka barely misses you.
You furiously retaliate!
You headbutt the quokka!
You kill the quokka!
The orc wizard mumbles some strange words.
The orc wizard flickers and vanishes!
Deactivating autopickup; reactivate with Ctrl-A.
You block the orc's attack.
The orc throws a stone.
The stone hits you but does no damage.
You miss something. Your headbutt misses something.
Something hits you but does no damage.
You are poisoned.
You closely miss something. Your headbutt misses something.
You feel sick. You block the orc's attack. x2
You closely miss the orc.
You feel sick. The orc hits you but does no damage.
The orc hits you with a +0 war axe. Something hits you but does no damage.
You are more poisoned.
You slash the orc!
You kill the orc!
You feel very sick. The orc hits you with a +0 dagger.
The orc throws a javelin.
The javelin pierces through you. Something hits you.
You are more poisoned.
The orc barely misses you. You furiously retaliate!
You headbutt the orc!
You kill the orc!
You feel very sick. The orc hits you with a +0 flail!
Something hits you but does no damage.
You are lethally poisoned!
Things that are here:
a +0 war axe; an orc corpse You barely miss the orc.
You feel very sick. The orc hits you with a +0 flail.
* * * LOW HITPOINT WARNING * * *
Something hits you.
* * * LOW HITPOINT WARNING * * *
You are more poisoned.
The orc closely misses you.
You closely miss the orc. Your headbutt misses the orc.
You die...

#.........####.........
#..........###......<.#
#..........##..........
#..........##..........
####...........#..........
...(......................
.....................>....
.........)................
........o@.....#..........
........####...#..........
......)†# #####..........
......... .............
.......... ..............
........... ....#####.....
........#####.............
........# #.............
........# #.............


You could see an orc.

Vanquished Creatures
  4 gnolls (D:3)
  An adder (D:3)
  A worm (D:3)
  3 dart slugs
  3 orcs (D:3)
  4 ball pythons
  4 endoplasms
  A giant cockroach (D:1)
  5 goblins
  6 hobgoblins
  4 jackals (D:3)
  2 quokkas
  2 bats
  5 rats
45 creatures vanquished.

Notes
Turn   | Place    | Note
-------+----------+-------------------------------------------
     0 | D:1      | ducksouse the Minotaur Fighter began the quest for the Orb.
     0 | D:1      | Reached XP level 1. HP: 19/19 MP: 0/0
   148 | D:1      | Reached XP level 2. HP: 21/27 MP: 1/1
   784 | D:2      | You fall into a shaft and drop 2 floors!
   805 | D:4      | Found Weapiguemu's Jewellery Boutique.
   838 | D:3      | Reached XP level 3. HP: 28/33 MP: 2/2
  1741 | D:3      | Found a burning altar of Makhleb.
  1741 | D:3      | Noticed a green death
  1750 | D:3      | Noticed a smoke demon
  1750 | D:3      | Noticed a ynoxinul
  1788 | D:3      | Reached XP level 4. HP: 30/41 MP: 3/3
  1978 | D:3      | Succumbed to an orc wizard's poison

Illustrated notes

Levels and vault maps discovered:
D:1:      nicolae_arrival_washed_ashore, layout_basic, minmay_tiny_reverse_x
D:2:      layout_rooms, nicolae_concentric_dashed_squares_wild, uniq_jessica,
          uniq_sigmund
D:3:      layout_basic, makhleb_altar_promises_db
D:4:      layout_gridville, fedhas_altar_2, serial_shops, nicolae_stop_n_shop_1,
          nicolae_stop_n_shop_2, nicolae_shop_hallway_stairs

Skill      XL: |  1  2  3 |
---------------+----------+-----
Armour         | 4 |  4.4
Shields        | 4 |  4.4
Fighting       | 4 |  4.4
Long Blades    | 3 |  3.4
Dodging        | |  0.6
Stealth        | |  0.3

Action                   |  1- 3 |  4- 6 || total
-------------------------+-------+-------++-------
Melee: Long sword        |    80 |    21 ||   101
       Headbutt          |     9 |     3 ||    12
Armor: Scale mail        |    10 |       ||    10
       Chain mail        |    33 |    12 ||    45
Dodge: Dodged            |    28 |     9 ||    37
Block: Buckler           |    22 |     6 ||    28

Table legend: (Time is in decaauts)
 A = Elapsed time spent in this place.
 B = Non-inter-level travel time spent in this place.
 C = Inter-level travel time spent in this place.
 D = Time resting spent in this place.
 E = Time spent auto-exploring this place.
 F = Levels seen in this place.
 G = Mean time per level.
                   A        B        C        D        E       F      G
               +--------+--------+--------+--------+--------+-----+--------+
         Total |   2003 |   1957 |     46 |    573 |   1035 |   4 |  500.8 |
       Dungeon |   2003 |   1957 |     46 |    573 |   1035 |   4 |  500.8 |
               +--------+--------+--------+--------+--------+-----+--------+

Top non-repeatable levels by time:
     D:3: 1160 daAuts
     D:1: 665 daAuts
     D:2: 127 daAuts
     D:4: 50 daAuts
